 Dungeon Crawl Stone Soup version 0.31-a0-925-g0a390f2509 (webtiles) character file.

Game seed: 8441152982639006974

19 MachoJfn the Magician (level 2, -9/21 HPs)
             Began as a Djinni Fire Elementalist on Oct 18, 2023.
             Was a Follower of Qazlal.
             Mangled by an ogre
             ... wielding a +0 giant club
              (27 damage)
             ... on level 4 of the Dungeon.
             The game lasted 00:02:16 (695 turns).

MachoJfn the Magician (Djinni Fire Elementalist)     Turns: 695, Time: 00:02:17

Health: -9/21      AC:  2    Str:  7    XL:     2   Next: 95%
Gold:   13         EV: 12    Int: 16    God:    Qazlal [*.....] SH:  1 Dex: 13

rFire   + + .        b - staff of cold
rCold   . . .        (no shield)
rNeg    . . .        a - +0 robe
rPois   ∞            (no helmet)
rElec   .            (no cloak)
rCorr   .            (no gloves)
SInv    .            (boots unavailable)
Will    .....        (no amulet)
Stlth   ++           (no ring)
HPRegen 0.23/turn    (no ring)
MPRegen 0.00/turn

%: infuse magic (-10 HP)
@: flying
A: sickness immunity, fire resistance 2, cold vulnerability 1, float, innate
caster, HP casting, extra vitality 1
a: Renounce Religion


You were on level 4 of the Dungeon.
You worshipped Qazlal.
Qazlal was aware of your devotion.
You visited 1 branch of the dungeon, and saw 3 of its levels.

You collected 13 gold pieces.

Inventory:

Missiles
 c - 14 stones
Armour
 a - a +0 robe (worn)
Magical Staves
 b - a staff of cold (weapon)
Scrolls
 e - 2 scrolls of immolation
Potions
 d - a potion of invisibility {unknown}


   Skills:
 + Level 2.8 Dodging
 + Level 1.9 Stealth
 * Level 3.1 Spellcasting
 * Level 3.1 Conjurations
 * Level 3.1 Hexes
 * Level 3.1 Summonings
 * Level 3.1 Necromancy
 * Level 3.1 Translocations
 * Level 3.1 Transmutations
 * Level 3.1 Fire Magic
 * Level 3.1 Ice Magic
 * Level 3.1 Air Magic
 * Level 3.1 Earth Magic
 * Level 3.1 Poison Magic


You knew the following spells:

 Your Spells              Type           Power      Damage    Failure   Level
a - Foxfire               Conj/Fire      48%        2x1d6     4%          1
b - Scorch                Fire           24%        2d6       8%          2
c - Volatile Blastmotes   Fire/Tloc      24%        2d12      16%         3
d - Inner Flame           Hex/Fire       12%        N/A       16%         3
e - Flame Wave            Conj/Fire      12%        2d6       45%         4
Your spell library was empty.

Dungeon Overview and Level Annotations

Branches:
Dungeon (2/15)

Altars:
Fedhas
Qazlal


Innate Abilities, Weirdness & Mutations

You are immune to sickness and miasma.
You are immune to poison.
Your flesh is very heat resistant. (rF++)
You are vulnerable to cold. (rC-)
You float through the air rather than walking.
You learn spells naturally, not from books.
Your magical power is your life essence.
You have superior vitality. (+4 MHP)


Message History

Casting: Foxfire (safe; 5% risk of failure)
Confirm with . or Enter, or press ? or * to list all spells.
You conjure some foxfire!
The foxfire hits the kobold.
The kobold is moderately wounded.
The foxfire hits the kobold.
You kill the kobold!
Qazlal accepts your kill.
Your magical contamination has completely faded away.
c - 14 stones (gained 1)
You see here a +0 whip.
Found a stone staircase leading up.
A malevolent force fills the Dungeon...
You are sucked into a shaft and drop 2 floors!
The shaft crumbles and collapses.
Found a blossoming altar of Fedhas.
A jackal comes into view.
The jackal barks!
You hear a bark!
You hear a shout!
You hear a bark!
Casting: Foxfire (safe; 5% risk of failure)
Confirm with . or Enter, or press ? or * to list all spells.
You conjure some foxfire!
The foxfire hits the jackal.
The jackal is almost dead.
A jackal comes into view.
Your foxfire dissipates!
The jackal attacks as it pursues you! The jackal closely misses you.
Casting: Foxfire (safe; 5% risk of failure)
Confirm with . or Enter, or press ? or * to list all spells.
Flames lash the jackal.
You kill the jackal!
Qazlal accepts your kill.
Casting: Scorch (safe; 8% risk of failure)
Confirm with . or Enter, or press ? or * to list all spells.
Flames lash the jackal.
You kill the jackal!
Qazlal accepts your kill.
A jackal and an ogre come into view.
The jackal barks!
The ogre shouts!
The ogre hits you with a +0 giant club!!
Ouch! That really hurt!
You die...

#######
#.....#
#.._..#
#.....#
#8#.#8#
#.###.###
#..hO@#
#.#####


You could see an ogre and a jackal.

Vanquished Creatures
  3 ball pythons (D:1)
  An endoplasm (D:1)
  2 hobgoblins
  2 jackals (D:4)
  A bat (D:1)
  A frilled lizard (D:1)
  2 goblins
  4 kobolds
  3 rats (D:1)
19 creatures vanquished.

Vanquished Creatures (others)
  39 foxfires
39 creatures vanquished.

Grand Total: 58 creatures vanquished

Notes
Turn   | Place    | Note
-------+----------+-------------------------------------------
     0 | D:1      | MachoJfn the Djinni Fire Elementalist began the quest for
                  | the Orb.
     0 | D:1      | MachoJfn set off with the following spells memorised:
                  | Foxfire, Scorch, Volatile Blastmotes, Inner Flame, Flame
                  | Wave.
     0 | D:1      | Reached XP level 1. HP: 15/15 MP: 0/0
   164 | D:1      | Reached XP level 2. HP: 20/21 MP: 0/0
   561 | D:2      | Found a faded altar of an unknown god.
   570 | D:2      | Prayed at the altar of an unknown god.
   570 | D:2      | Became a worshipper of Qazlal Stormbringer
   570 | D:2      | Reached * piety under Qazlal
   683 | D:2      | You are sucked into a shaft and drop 2 floors!
   683 | D:4      | Found a blossoming altar of Fedhas.
   694 | D:4      | Noticed an ogre
   695 | D:4      | Mangled by an ogre

Illustrated notes

Levels and vault maps discovered:
D:1:      amcnicky_arrival_gap_in_the_tavern_cellar, layout_rooms, minivault_24,
          hex_large
D:2:      layout_basic, hellmonk_ecumenical_altar_blasted
D:4:      layout_loops_ring, mainiacjoe_overflow_alcove_2,
          evilmike_ruin_ashenzari, uniq_eustachio

Skill      XL: | |
---------------+-+-----
Spellcasting   | |  3.1
Conjurations   | |  3.1
Hexes          | |  3.1
Summonings     | |  3.1
Necromancy     | |  3.1
Translocations | |  3.1
Transmutations | |  3.1
Fire Magic     | |  3.1
Ice Magic      | |  3.1
Air Magic      | |  3.1
Earth Magic    | |  3.1
Poison Magic   | |  3.1
Dodging        | |  2.8
Stealth        | |  1.9

Action                     || total
---------------------------++-------
  Melee: Staff             ||     5
   Cast: Foxfire           ||    24
         Scorch            ||     7
    Use: Potion            ||     2
 Armour: Robe              ||    14
  Dodge: Dodged            ||    11

Table legend: (Time is in decaauts)
 A = Elapsed time spent in this place.
 B = Non-inter-level travel time spent in this place.
 C = Inter-level travel time spent in this place.
 D = Time resting spent in this place.
 E = Time spent auto-exploring this place.
 F = Levels seen in this place.
 G = Mean time per level.
                   A        B        C        D        E       F      G
               +--------+--------+--------+--------+--------+-----+--------+
         Total |    694 |    674 |     20 |     78 |    457 |   3 |  231.3 |
       Dungeon |    694 |    674 |     20 |     78 |    457 |   3 |  231.3 |
               +--------+--------+--------+--------+--------+-----+--------+

Top non-repeatable levels by time:
     D:1: 525 daAuts
     D:2: 157 daAuts
     D:4: 11 daAuts
